 Dungeon Crawl Stone Soup version 0.30.1-4-g462c640d31 (webtiles) character file.

Game seed: 1473317797040775758

443 Anxiouscannon97 the Slasher (level 6, -2/49 HPs)
             Began as a Demonspawn Berserker on Sept 11, 2023.
             Was a Believer of Trog.
             Slain by a water moccasin (8 damage)
             ... on level 5 of the Dungeon on Sept 15, 2023.
             The game lasted 00:28:33 (2951 turns).

Anxiouscannon97 the Slasher (Demonspawn Berserker)  Turns: 2951, Time: 00:28:33

Health: -2/49      AC:  5    Str: 20    XL:     6   Next: 71%
Magic:  6/6        EV: 17    Int:  8    God:    Trog [**....]
Gold:   221        SH:  0    Dex: 12    Spells: 5/5 levels left

rFire   . . .        p - +2 hand axe (drain)
rCold   . . .        (no shield)
rNeg    . . .        o - +2 leather armour "Sysazo" {SInv}
rPois   .            (no helmet)
rElec   .            (no cloak)
rCorr   .            (no gloves)
SInv    +            (no boots)
Will    .....        (no amulet)
Stlth   +            h - +5 ring of evasion
HPRegen 0.28/turn    (no ring)
MPRegen 0.10/turn

%: no passive effects
@: lethally poisoned (-2 -> -21)
A: demonic guardian 1, demonic touch 1
a: Renounce Religion, Berserk, Trog's Hand


You were on level 5 of the Dungeon.
You worshipped Trog.
Trog was pleased with you.
You visited 1 branch of the dungeon, and saw 5 of its levels.

You collected 221 gold pieces.

Inventory:

Hand Weapons
 a - a +0 falchion
 k - a +1 flail of holy wrath
 p - a +2 hand axe of draining (weapon)
Armour
 b - a +0 animal skin
 m - a +0 ring mail
 o - the +2 leather armour "Sysazo" (worn) {SInv}
   (You found it on level 3 of the Dungeon)

   SInv:      It lets you see invisible.
Jewellery
 h - a +5 ring of evasion (left hand)
Scrolls
 c - 4 scrolls of noise {unknown}
 i - 2 scrolls of poison {unknown}
 j - a scroll of immolation {unknown}
 l - 3 scrolls of teleportation {unknown}
 q - a scroll of identify {unknown}
Potions
 d - 2 potions of haste {unknown}
 e - 2 potions of cancellation {unknown}
 f - 2 potions of curing {unknown}
 g - a potion of degeneration {unknown}
 n - a potion of heal wounds {unknown}


   Skills:
 + Level 4.3 Fighting
 + Level 4.4 Long Blades
 + Level 2.1 Axes
 + Level 0.5 Throwing
 + Level 2.3 Armour
 + Level 3.4 Dodging
 + Level 0.6 Stealth


You had 5 spell levels left.
You didn't know any spells.
Your spell library contained the following spells:

 Spells                   Type           Power      Damage    Failure   Level
 Necrotise                Necr           0%         1d4       45%         1
 Poisonous Vapours        Pois/Air       0%         N/A       58%         2
 Inner Flame              Hex/Fire       0%         N/A       83%         3
 Vampiric Draining        Necr           0%         2d6       83%         3
 Agony                    Necr           0%         N/A       100%        5
 Chain Lightning          Conj/Air       0%         N/A       100%        9


Dungeon Overview and Level Annotations

Branches:
Dungeon (5/15)
 Temple: D:4-7

Altars:
Gozag
Trog


Innate Abilities, Weirdness & Mutations

A weak demonic guardian rushes to your aid.
Your touch may inflict minor irresistible damage on your foes.


Message History

Things that are here:
a +0 hand axe; an orc corpse The adder attacks as you move away!
The adder closely misses you.
A water moccasin comes into view.
You closely miss the adder. The adder misses you. The adder closely misses you.
You barely miss the adder. The adder closely misses you.
The water moccasin hisses angrily.
You hit the adder.
The adder is heavily wounded.
The adder bites you but does no damage. The adder closely misses you.
You hit the adder.
The adder is almost dead.
The adder misses you.
You hit the adder. You drain the adder.
You kill the adder!
Trog accepts your kill.
The water moccasin bites you but does no damage.
You completely miss the water moccasin. The water moccasin bites you.
The water moccasin misses you.
You closely miss the water moccasin.
The water moccasin bites you but does no damage.
The water moccasin misses you.
You miss the water moccasin.
You touch the water moccasin!
The water moccasin is moderately wounded.
The water moccasin bites you.
You are poisoned.
The water moccasin poisons you!
You closely miss the water moccasin.
You touch the water moccasin!
The water moccasin is severely wounded.
You feel very sick. The water moccasin bites you. The water moccasin bites you!
* * * LOW HITPOINT WARNING * * *
You are lethally poisoned!
The water moccasin poisons you!
You barely miss the water moccasin. Your touch misses the water moccasin.
The water moccasin is severely wounded.
* * * LOW HITPOINT WARNING * * *
You feel extremely sick. The water moccasin barely misses you.
The water moccasin bites you!
You die...

....
................#.......
........................##
#..............##.##.##>.#
#....................##...
#.........................
##.................##.###.
.........S.........##.....
#....).)@................
#.....))........##.......
............##....##..####
........................#.
...............###......#.
.....##.........##......#.
..#.# ##....<...........##
.##< #...............##. #
....###..# #..###


You could see a water moccasin.

Vanquished Creatures
  2 jellies
  A hound (D:4)
  3 orc priests
  3 orc wizards
  4 gnolls (D:4)
  6 adders
  A white imp (D:4)
  A worm (D:3)
  19 orcs
  6 endoplasms
  3 giant cockroaches
  2 goblins
  6 hobgoblins
  2 jackals (D:1)
  3 quokkas
  5 ball pythons
  2 bats (D:3)
  2 frilled lizards (D:3)
  3 kobolds
  2 rats
76 creatures vanquished.

Vanquished Creatures (collateral kills)
  An orc (D:3)
1 creature vanquished.

Vanquished Creatures (others)
  A wizard (D:4)
1 creature vanquished.

Grand Total: 78 creatures vanquished

Notes
Turn   | Place    | Note
-------+----------+-------------------------------------------
     0 | D:1      | Anxiouscannon97 the Demonspawn Berserker began the quest
                  | for the Orb.
     0 | D:1      | Reached XP level 1. HP: 18/18 MP: 1/1
   350 | D:1      | Gained mutation: Your touch may inflict minor irresistible
                  | damage on your foes. [demonic ancestry]
   350 | D:1      | Reached XP level 2. HP: 22/24 MP: 2/2
   512 | D:1      | Got the Codex of Enchantment and the Storm
   751 | D:2      | Gained mutation: A weak demonic guardian rushes to your
                  | aid. [demonic ancestry]
   751 | D:2      | Reached XP level 3. HP: 10/29 MP: 3/3
  1084 | D:3      | Reached XP level 4. HP: 28/36 MP: 4/4
  1462 | D:3      | Identified the +2 leather armour "Sysazo" {SInv}
  1550 | D:3      | Reached ** piety under Trog
  1598 | D:3      | Reached XP level 5. HP: 29/42 MP: 5/5
  2368 | D:4      | Reached skill level 1 in Axes
  2368 | D:4      | Reached XP level 6. HP: 33/48 MP: 6/6
  2735 | D:4      | Found a bloodstained altar of Trog.
  2737 | D:4      | Noticed a wizard
  2741 | D:4      | Killed a wizard
  2857 | D:5      | Entered Level 5 of the Dungeon
  2861 | D:5      | Found an opulent altar of Gozag.
  2940 | D:5      | Noticed a water moccasin
  2951 | D:5      | Slain by a water moccasin

Illustrated notes

Levels and vault maps discovered:
D:1:      wander_arrival_chamber, layout_loops_ring, moated_statue
D:2:      layout_rooms, hangedman_decor_opposing,
          hangedman_abyss_or_decor_lesser_grid, hex_tiny
D:3:      cheibrodos_pilgrimage, layout_basic, marbit_many_paths
D:4:      layout_loops_ring, trog_wizard
D:5:      layout_cave_pools, mainiacjoe_overflow_cross_hatched,
          nicolae_gozag_cash_rules_everything_around_me,
          minmay_temple_entry_offerings, uniq_crazy_yiuf_cottage

Skill      XL: |  1  2  3  4  5  6 |
---------------+-------------------+-----
Long Blades    | 3 4 |  4.4
Dodging        | 2 3 |  3.4
Armour         | 2 |  2.3
Fighting       | 4 |  4.3
Axes           | 1 2 |  2.1
Throwing       | |  0.5
Stealth        | |  0.6

Action                     |  1- 3 |  4- 6 || total
---------------------------+-------+-------++-------
  Melee: Falchion          |    82 |    60 ||   142
         Touch             |     9 |    20 ||    29
         Punch             |     1 |       ||     1
         Hand axe          |       |    60 ||    60
  Throw: Stone             |       |     9 ||     9
 Invoke: Berserk           |     3 |       ||     3
    Use: Scroll            |     1 |       ||     1
   Stab: Sleeping          |     1 |       ||     1
 Armour: Animal skin       |     8 |       ||     8
         Leather armour    |       |    31 ||    31
  Dodge: Dodged            |    82 |   167 ||   249
